AoeStats
← chenya_ko

Arabia

509509641Analyzed
1v1 RM · 6d ago on Sep 27, 2026· 32m 51s· 2 players
Game mode
Random Map
Map size
Tiny (2 player)
Population
200
Speed
Normal
Resources
Standard
Victory
Conquest
Starting age
Dark Age
Ending age
Imperial Age
RankedLock teamsTeams togetherTeam positionsShared explorationLock speedFull tech treeHidden civsTurbo modeCheats
Victory
Defeat
🇹🇼 Japanese · Taiwan
1095
+15
🇬🇧 Inca · United Kingdom
1065
-15
BigRig
10:27 Feudal Age
11:17 Double-Bit Axe
13:03 Loom
13:58 Wheelbarrow
13:24 Fletching
13:19 Horse Collar
15:04 Gold Mining
22:18 Castle Age
20:45 Champi Runner
21:41 Scale Mail Armor
22:24 Forging
23:07 Squires
22:34 Champi Warrior
24:55 Chain Mail Armor
25:16 Bow Saw
25:09 Heavy Plow
25:37 Arson
27:38 Crossbowman
28:23 Stone Mining
29:32 Hand Cart
30:50 Stone Shaft Mining
31:45 Gold Shaft Mining
31:10 Bodkin Arrow
chenya_ko
1:53 Loom
10:14 Feudal Age
10:25 Man-at-Arms
10:56 Double-Bit Axe
13:15 Fletching
15:31 Padded Archer Armor
17:42 Wheelbarrow
22:37 Castle Age
20:40 Horse Collar
20:48 Arson
20:56 Gold Mining
21:24 Scale Mail Armor
21:45 Forging
22:40 Long Swordsman
23:06 Gambesons
23:22 Squires
24:07 Chain Mail Armor
24:43 Bow Saw
26:33 Iron Casting
28:15 Hand Cart
30:58 Heavy Plow
30:58 Stone Mining
32:38 Gold Shaft Mining
Connection lost

Rejoining the realm…

Still unreachable

The connection could not be restored.

Session expired

The server has moved on; the page needs a fresh start.